 Dungeon Crawl Stone Soup version 0.28-a0-1213-g0243856f03 (webtiles) character file.

Game seed: 13330165771316299718

171505 frimble the Black Belt (level 17, 0/135 HPs)
             Began as a Demonspawn Warper on Dec 21, 2021.
             Was an Elder of Cheibriados.
             Killed from afar by a deep elf knight (22 damage)
             ... with a shard of ice
             ... on level 1 of the Elven Halls.
             The game lasted 00:49:15 (26516 turns).

frimble the Black Belt (Demonspawn Warper)         Turns: 26516, Time: 00:49:16

Health: 0/135      AC: 13    Str: 22    XL:     17   Next: 39%
Magic:  24/25      EV: 18    Int: 37    God:    Cheibriados [****..]
Gold:   2566       SH:  0    Dex: 21    Spells: 12/20 levels left

rFire   + + .      SeeInvis .     - Unarmed
rCold   + . .      Faith    .   (no shield)
rNeg    + . .      Spirit   .   J - +3 troll leather armour
rPois   .          Reflect  .   n - +2 hat
rElec   +          Harm     .   b - +0 cloak
rCorr   +          Rampage  .   (gloves unavailable)
Will    +++..      Archmagi +   P - +2 pair of boots of Gaerips {rElec Will+ rCorr Dex-3}
Stlth   ++........              z - amulet of regeneration
HPRegen 1.92/turn               I - ring of the Mage {Wiz Archmagi}
MPRegen 0.19/turn               y - ring of Puhituqa {rF++ rC+ rN+}

@: on fire, glowing, studying Transmutations, invisible (but backlit and
visible), very slow
A: claws 3, demonic guardian 2, icemail 1, torment resistance 1, big brain 3,
condensation shield, demonic willpower
a: Renounce Religion, Bend Time, Temporal Distortion, Slouch


You were on level 1 of the Elven Halls.
You worshipped Cheibriados.
Cheibriados was greatly pleased with you.
You visited 5 branches of the dungeon, and saw 25 of its levels.
You also visited: Sewer and Gauntlet.

You collected 3515 gold pieces.
You spent 949 gold pieces at shops.

Inventory:

Hand Weapons
 a - a +2 short sword of venom
Missiles
 d - 5 boomerangs of dispersal
 j - 7 boomerangs (quivered)
 k - 2 throwing nets
 C - 6 curare-tipped darts
 R - 9 javelins
Armour
 b - a +0 cloak (worn)
 n - a +2 hat (worn)
 D - a +0 kite shield
 J - a +3 troll leather armour (worn)
 N - the +9 plate armour "Pizus" {Will+}
   (You found it in a Gauntlet)

   Will:      It increases your willpower.
 P - the +2 pair of boots of Gaerips (worn) {rElec Will+ rCorr Dex-3}
   (You found it in a Gauntlet)

   Dex:       It affects your dexterity (-3).
   rElec:     It insulates you from electricity.
   rCorr:     It protects you from acid and corrosion.
   Will:      It increases your willpower.
Jewellery
 g - a ring of poison resistance
 y - the ring of Puhituqa (right claw) {rF++ rC+ rN+}
   (You bought it in a shop on level 1 of the Dungeon)

   [ring of protection from cold]

   rF:        It greatly protects you from fire.
   rC:        It protects you from cold.
   rN:        It protects you from negative energy.
 z - an amulet of regeneration (around neck)
 I - the ring of the Mage (left claw) {Wiz Archmagi}
   (You found it on level 6 of the Lair of Beasts)

   [ring of wizardry]

   It improves your spell success rate.
   Archmagi:  It increases the power of your magical spells.
 K - a +6 ring of intelligence
 L - an amulet of guardian spirit
 Q - a +4 ring of slaying
 T - a ring of see invisible
 U - an amulet of faith
Wands
 p - a wand of iceblast (1)
 A - a wand of flame (17)
 E - a wand of digging (9)
 M - a wand of charming (4)
 S - a wand of paralysis (15)
 V - a wand of acid (2)
Scrolls
 c - 5 scrolls of blinking
 e - 2 scrolls of silence
 i - a scroll of torment
 r - 6 scrolls of teleportation
 s - 9 scrolls of identify
 t - 4 scrolls of fog
 O - a scroll of amnesia
Potions
 f - 7 potions of haste
 h - 6 potions of curing
 l - 2 potions of lignification
 m - a potion of might
 o - 6 potions of heal wounds
 q - 2 potions of cancellation
 u - 3 potions of berserk rage
 v - 3 potions of brilliance
 x - 8 potions of mutation
 B - a potion of magic
 F - a potion of resistance
 G - 11 potions of ambrosia
 H - 2 potions of flight


   Skills:
 - Level 12.6 Fighting
 - Level 7.5(7.7) Short Blades
 - Level 2.1(5.2) Long Blades
 + Level 9.0 Throwing
 - Level 0.8 Armour
 - Level 8.5 Dodging
 - Level 6.0 Stealth
 - Level 16.2 Unarmed Combat
 - Level 2.0 Spellcasting
 - Level 11.0 Translocations
 - Level 8.0 Transmutations
 + Level 11.8 Invocations
 - Level 3.0 Evocations


You had 12 spell levels left.
You knew the following spells:

 Your Spells              Type           Power      Damage    Failure   Level
a - Apportation           Tloc           100%       N/A       1%          1
b - Blink                 Tloc           100%       N/A       1%          2
c - Manifold Assault      Tloc           91%        N/A       1%          5

Your spell library contained the following spells:

 Spells                   Type           Power      Damage    Failure   Level
 Shock                    Conj/Air       20%        1d4       1%          1
 Slow                     Hex            20%        N/A       1%          1
 Wereblood                Tmut           76%        N/A       1%          2
 Gell's Gravitas          Tloc           91%        N/A       1%          3
 Lesser Beckoning         Tloc           91%        N/A       1%          3
 Spider Form              Tmut/Pois      49%        N/A       1%          3
 Teleport Other           Tloc           91%        N/A       1%          3
 Iskenderun's Mystic Bla  Conj/Tloc      61%        2d13      1%          4
 Ensorcelled Hibernation  Hex/Ice        10%        N/A       2%          2
 Sublimation of Blood     Necr           5%         N/A       2%          2
 Dispersal                Tloc           45%        N/A       2%          6
 Confusing Touch          Hex            5%         N/A       4%          3
 Dazzling Flash           Conj/Hex       10%        N/A       4%          3
 Swiftness                Air            5%         N/A       4%          3
 Tukima's Dance           Hex            5%         N/A       4%          3
 Vampiric Draining        Necr           5%         2d6       4%          3
 Summon Forest            Summ/Tloc      30%        N/A       4%          5
 Alistair's Intoxication  Tmut/Pois      32%        N/A       9%          5
 Airstrike                Air            2%         N/A       16%         4
 Fulminant Prism          Conj/Hex       2%         3d6       16%         4
 Summon Ice Beast         Ice/Summ       5%         N/A       16%         4
 Iskenderun's Battlesphe  Conj           5%         2d6       36%         5
 Lee's Rapid Deconstruct  Erth           2%         3d6*      36%         5
 Summon Mana Viper        Hex/Summ       5%         N/A       36%         5
 Iron Shot                Conj/Erth      2%         9d2       88%         6
 Starburst                Conj/Fire      2%         6d3       88%         6
 Summon Cactus Giant      Summ           2%         N/A       88%         6
 Monstrous Menagerie      Summ           2%         N/A       100%        7
 Spellforged Servitor     Conj/Summ      2%         N/A       100%        7
 Summon Hydra             Summ           2%         N/A       100%        7


Dungeon Overview and Level Annotations

Branches:
Dungeon (15/15)            Temple (1/1) D:6            Lair (6/6) D:8
 Shoals (0/4) Lair:4       Spider (0/4) Lair:4        Slime (0/5) Lair:5
    Orc (2/2) D:10            Elf (1/3) Orc:2        Vaults (0/5) D:13
 Depths (0/4) D:15          Sewer (visited)         Gauntlet (visited)

Altars:
Ashenzari
Cheibriados
Dithmenos
Elyvilon
Fedhas
Gozag
Hepliaklqana
Kikubaaqudgha
Makhleb
Nemelex Xobeh
Okawaru
Qazlal
Ru
Sif Muna
Trog
Uskayaw
Vehumet
Wu Jian
Xom
Yredelemnul
Zin
The Shining One
Jiyva

Shops:
D:1 =   D:2 (   D:11 ?   D:12 :   D:13 *   D:14 =   Orc:2 !::[

Annotations:
Lair:3 Rupert


Innate Abilities, Weirdness & Mutations

You have claws for hands.
A demonic guardian rushes to your aid.
A meltable icy envelope protects you from harm. (AC +0)
You are resistant to unholy torment.
You have an absolutely massive brain. (Int +6, Wiz)
A meltable shield of frost defends you. (SH +0)
You punish those that try to bend your will. (Will+)


Message History

Okay, then.
Unknown command.
You fade into invisibility!
The sentinel's mark upon you fades away.
Your smoke demon gestures at the deep elf knight.
The ball of steam hits the deep elf knight!
A deep elf pyromancer comes into view.
It is wielding a +1 long sword of holy wrath.
The deep elf knight is engulfed in a cloud of scalding steam.
The deep elf archer shoots an arrow.
Your smoke demon gestures at the deep elf knight.
The deep elf knight is smitten.
The deep elf knight points at you and mumbles some strange words.
The lance of force hits you!
* * * LOW HITPOINT WARNING * * *
The deep elf knight hits your smoke demon with a +0 scimitar!
The deep elf knight unwields a +0 short sword.
The deep elf knight wields a +0 shortbow.
The deep elf knight shoots an arrow.
The arrow closely misses you.
The deep elf archer shoots an arrow.
The arrow closely misses you.
Your smoke demon gestures at the deep elf knight.
The deep elf knight is smitten.
The deep elf knight dies!
Cheibriados appreciates the change of pace.
Your Throwing skill increases to level 9!
You mangle the deep elf knight!!
The deep elf knight is heavily wounded.
The deep elf knight closely misses you.
You feel much better. You block the deep elf knight's attack.
The deep elf archer shoots an arrow.
The arrow hits you!!
* * * LOW HITPOINT WARNING * * *
The deep elf knight closely misses you.
You claw the deep elf knight!
The deep elf knight is severely wounded.
The deep elf pyromancer gestures at you while chanting.
The sticky flame hits you but does no damage.
Your icy defenses dissipate!
You are covered in liquid flames!
The deep elf knight points at you and mumbles some strange words.
The shard of ice hits you!! You partially resist.
You die...

#.# #.....).# #.#
##.#.#'#.#
####'###.##...##.
#.....#.#####.###
##.e).ee## #.# #
#..e..3.# #.#
##.......## #.#
#.e.....).# #.#
##@e[....## #.# #
#....§..## ##+###
##....§#'####...#'
#.....##.##.....#
#########'.......
#........
#......>.
#........
##.......


You could see a deep elf archer (repels missiles), 2 deep elf knights, 3 deep
elf pyromancers and a friendly smoke demon (summoned).

Vanquished Creatures
  An orc warlord (Orc:1)
  A stone giant (D:15)
  Nessos (D:14)
  A deep elf demonologist (Elf:1)
  Josephine (Lair:5)
  3 vault guards (D:13)
  A rakshasa (D:14)
  4 ogre magi (Orc:2)
  Harold (D:7)
  2 boulder beetles
  9 hydras
  Erolcha (D:10)
  2 catoblepae
  A centaur warrior (D:15)
  12 death yaks
  A death knight (D:12)
  An anaconda (Lair:5)
  19 two-headed ogres
  4 dancing weapons (Elf:1)
  2 alligators (Lair:5)
  A deep troll shaman (Lair:6)
  Urug (Orc:2)
  A hell hog (Gauntlet)
  An orc high priest (Orc:2)
  4 tengu warriors
  Nergalle (Lair:3)
  6 deep elf knights (Elf:1)
  4 skeletal warriors (D:15)
  A fire crab (Lair:5)
  2 deep trolls (D:15)
  2 wizards
  6 deep elf archers (Elf:1)
  2 orc knights
  15 deep elf pyromancers
  2 lindwurms (Lair:6)
  8 deep elf zephyrmancers (Elf:1)
  6 ugly things (D:14)
  2 manticores
  3 orc sorcerers
  3 cyclopes
  A merfolk siren (Lair:4)
  15 elephants
  A torpor snail (Lair:4)
  2 centaur zombies
  4 black mambas
  An eye of devastation (Gauntlet)
  3 gargoyles
  Psyche (D:8)
  9 cane toads
  3 kobold demonologists
  8 komodo dragons
  4 yaktaurs (D:15)
  A rime drake (Lair:4)
  2 unseen horrors (D:12)
  2 efreet
  2 ice devils (D:11)
  3 tengu conjurers
  5 trolls
  3 meliai (D:15)
  A polar bear (Lair:6)
  A troll (shapeshifter) (Elf:1)
  Prince Ribbit (D:7)
  A queen bee (Lair:1)
  7 slime creatures
  17 blink frogs
  A hornet (Lair:5)
  6 dream sheep (Lair:4)
  An air elemental (Elf:1)
  A shadow (D:11)
  A vampire (D:12)
  5 wraiths
  A wyvern (Lair:5)
  Sigmund (D:5)
  A tarantella (shapeshifter) (D:14)
  2 humans (D:13)
  45 yaks
  A water elemental (Elf:1)
  5 fire bats
  A golden eye (Gauntlet)
  9 vampire mosquitoes
  Grum (D:11)
  4 steam dragons
  6 basilisks
  2 wargs (Orc:2)
  3 acid dragons
  2 hell hounds (Gauntlet)
  15 water moccasins
  A floating eye (Gauntlet)
  24 orc warriors
  3 black bears
  A boggart (Elf:1)
  22 ogres
  A necrophage (D:4)
  4 centaurs
  34 wolves
  3 phantoms
  11 bullfrogs
  7 kobold brigands
  A wyvern zombie (D:9)
  5 gnoll sergeants
  4 scorpions
  An earth elemental (Elf:1)
  A water moccasin skeleton (D:5)
  4 wights
  33 killer bees
  2 electric eels
  2 howler monkeys
  5 hounds
  2 jellies
  10 orc priests
  2 centaur skeletons
  3 iguanas
  12 orc wizards
  8 hell rats (Lair:5)
  A killer bee zombie (D:9)
  A hound zombie (D:4)
  A hound skeleton (D:5)
  Robin (D:2)
  A howler monkey zombie (D:10)
  9 gnolls
  8 adders
  3 river rats (Sewer)
  2 white imps
  4 ufetubi
  An adder zombie (D:5)
  3 worms
  A dart slug (D:2)
  70 orcs
  4 endoplasms
  9 giant cockroaches
  16 goblins
  6 hobgoblins
  5 jackals
  8 quokkas
  7 ball pythons
  7 bats
  10 frilled lizards
  29 kobolds
  11 rats
775 creatures vanquished.

Vanquished Creatures (collateral kills)
  Gastronok (Lair:1)
  A minotaur (Gauntlet)
  A vault guard (D:13)
  2 hydras
  A boulder beetle (D:12)
  A two-headed ogre (Orc:2)
  A centaur warrior (D:15)
  A dancing weapon (Elf:1)
  2 death yaks (Lair:4)
  3 deep elf knights (Elf:1)
  A fire crab (Lair:6)
  An orc knight (D:13)
  2 wizards
  A moth of wrath (Gauntlet)
  A rime drake (Lair:1)
  A tengu conjurer (D:13)
  A polar bear (Lair:6)
  2 slime creatures (D:12)
  A blink frog (Lair:6)
  2 yaks
  3 ogres (Orc:2)
  A boggart (Elf:1)
  A wyvern zombie (D:6)
  5 killer bees
  A howler monkey (D:12)
  A gnoll (D:4)
  A worm (Lair:4)
  2 orcs (D:9)
  A kobold (D:3)
  A quokka (D:5)
44 creatures vanquished.

Vanquished Creatures (others)
  2 deep elf knights (Elf:1)
  A slime creature (D:12)
  13 fungi
  22 plants
  A withered plant (Gauntlet)
39 creatures vanquished.

Grand Total: 858 creatures vanquished

Notes
Turn   | Place    | Note
-------+----------+-------------------------------------------
     0 | D:1      | frimble the Demonspawn Warper began the quest for the Orb.
     0 | D:1      | Reached XP level 1. HP: 16/16 MP: 3/3
   525 | D:1      | Found a faded altar of an unknown god.
   537 | D:1      | Gained mutation: You have sharp fingernails. [demonic
                  | ancestry]
   537 | D:1      | Reached XP level 2. HP: 15/22 MP: 5/5
   954 | D:1      | Found Vutaniul's Jewellery Boutique.
  1485 | D:2      | Noticed Robin
  1492 | D:2      | Reached skill level 1 in Short Blades
  1492 | D:2      | Reached XP level 3. HP: 24/27 MP: 6/6
  1495 | D:2      | Killed Robin
  1794 | D:2      | Found Atorast's Weapon Shop.
  2253 | D:3      | Gained mutation: A weak demonic guardian rushes to your
                  | aid. [demonic ancestry]
  2253 | D:3      | Reached XP level 4. HP: 6/33 MP: 7/7
  2504 | D:3      | Found a stormy altar of Qazlal.
  2506 | D:3      | Noticed a fire elemental
  2509 | D:3      | Noticed an air elemental
  2509 | D:3      | Noticed an earth elemental
  2509 | D:3      | Noticed a water elemental
  2810 | D:3      | Reached skill level 1 in Stealth
  2900 | D:3      | Reached skill level 1 in Evocations
  2921 | D:3      | Noticed a kobold brigand
  3024 | D:3      | Identified a scroll of acquirement
  3024 | D:3      | Acquired a manual of Transmutations
  3062 | D:3      | Learned a level 1 spell: Apportation
  3065 | D:3      | Learned a level 2 spell: Blink
  3219 | D:3      | Reached XP level 5. HP: 35/38 MP: 8/8
  3640 | D:4      | Noticed a necrophage
  3663 | D:3      | Found a bloodstained altar of Trog.
  3889 | D:4      | Killed a necrophage
  3890 | D:4      | Gained mutation: You have very sharp fingernails. [demonic
                  | ancestry]
  3890 | D:4      | Reached XP level 6. HP: 27/44 MP: 9/9
  4690 | D:4      | You fall into a shaft and drop 1 floor!
  4690 | D:5      | Entered Level 5 of the Dungeon
  4720 | D:5      | Noticed Sigmund
  4722 | D:5      | Found a sacrificial altar of Ru.
  4741 | D:5      | Found a glowing drain.
  4749 | Sewer    | Entered a sewer
  4906 | Sewer    | Reached XP level 7. HP: 48/50 MP: 10/10
  5643 | D:5      | Killed Sigmund
  5644 | D:5      | Reached skill level 5 in Short Blades
  5765 | D:5      | Acquired 1077 gold pieces
  5787 | D:5      | Gained mutation: You have an unusually large brain. (Int
                  | +2) [demonic ancestry]
  5787 | D:5      | Reached XP level 8. HP: 20/56 MP: 9/11
  6531 | D:1      | Bought the ring of Puhituqa {rF++ rC+ rN+} for 537 gold
                  | pieces
  6531 | D:1      | Bought an amulet of regeneration for 300 gold pieces
  6744 | D:4      | Reached skill level 5 in Translocations
  6824 | D:4      | Reached skill level 1 in Unarmed Combat
  7556 | D:6      | Reached skill level 2 in Unarmed Combat
  7841 | D:5      | Reached skill level 3 in Unarmed Combat
  8317 | D:6      | Gained mutation: A meltable shield of frost defends you.
                  | (SH +0) [demonic ancestry]
  8317 | D:6      | Reached XP level 9. HP: 55/61 MP: 12/12
  8392 | D:6      | HP: 3/61 [wyvern zombie (12)]
  8476 | D:6      | Found a staircase to the Ecumenical Temple.
  8615 | D:7      | Noticed Prince Ribbit
  8644 | D:7      | Killed Prince Ribbit
  8658 | D:7      | Reached skill level 4 in Unarmed Combat
  8852 | D:7      | Noticed Harold
  8876 | D:7      | Killed Harold
  8882 | D:7      | Reached skill level 5 in Unarmed Combat
  9529 | D:8      | Identified the +2 leather armour of Imperfection {+Inv
                  | rPois Dex-5 Stlth+}
  9727 | D:8      | Noticed a troll
  9915 | D:7      | Killed a troll
  9916 | D:7      | Gained mutation: A meltable icy envelope protects you from
                  | harm. (AC +0) [demonic ancestry]
  9916 | D:7      | Reached XP level 10. HP: 46/70 MP: 13/13
 10068 | D:8      | Reached skill level 6 in Unarmed Combat
 10136 | D:8      | Found a staircase to the Lair.
 10334 | D:8      | Noticed Psyche
 10352 | D:8      | Killed Psyche
 10552 | D:8      | Reached skill level 5 in Fighting
 10936 | D:9      | Noticed a tengu warrior
 10942 | D:9      | Noticed a two-headed ogre
 11015 | D:9      | Reached skill level 7 in Unarmed Combat
 11068 | D:9      | Noticed a two-headed ogre
 11085 | D:9      | Killed a two-headed ogre
 11124 | D:9      | Reached skill level 5 in Stealth
 11639 | Temple   | Entered the Ecumenical Temple
 11845 | Temple   | Became a worshipper of Cheibriados the Contemplative
 11935 | D:8      | Gained mutation: You have an extremely huge brain. (Int +4)
                  | [demonic ancestry]
 11935 | D:8      | Reached XP level 11. HP: 77/81 MP: 14/14
 12021 | Lair:1   | Entered Level 1 of the Lair of Beasts
 12211 | Lair:1   | Reached * piety under Cheibriados
 12236 | Lair:1   | Noticed Gastronok
 12249 | Lair:1   | Was placed under penance by Cheibriados
 12255 | Lair:1   | Killed Gastronok
 12256 | Lair:1   | Reached skill level 8 in Unarmed Combat
 12457 | Lair:1   | Was forgiven by Cheibriados
 12576 | Lair:1   | Noticed a six-headed hydra
 12598 | Lair:1   | Killed a six-headed hydra
 13322 | Lair:2   | Reached skill level 5 in Invocations
 13386 | Lair:2   | Reached ** piety under Cheibriados
 13468 | Lair:2   | Reached skill level 9 in Unarmed Combat
 13603 | Lair:2   | Noticed a four-headed hydra
 13616 | Lair:2   | Killed a four-headed hydra
 13747 | Lair:2   | Reached XP level 12. HP: 70/94 MP: 14/16
 14028 | Lair:3   | Noticed a death yak
 14028 | Lair:3   | Noticed a death yak
 14028 | Lair:3   | Noticed a death yak
 14028 | Lair:3   | Noticed a death yak
 14028 | Lair:3   | Noticed a death yak
 14029 | Lair:3   | Noticed a death yak
 14133 | Lair:3   | Noticed Nergalle
 14144 | Lair:3   | Killed Nergalle
 14166 | Lair:3   | Noticed Rupert
 14210 | Lair:3   | Killed a death yak
 14236 | Lair:3   | Killed a death yak
 14242 | Lair:3   | Killed a death yak
 14248 | Lair:3   | Killed a death yak
 14254 | Lair:3   | Killed a death yak
 14261 | Lair:3   | Killed a death yak
 14266 | Lair:3   | Reached skill level 10 in Unarmed Combat
 14273 | Lair:3   | Reached *** piety under Cheibriados
 14415 | Lair:4   | Noticed a four-headed hydra
 14426 | Lair:4   | Killed a four-headed hydra
 14467 | Lair:4   | Noticed a death yak
 14468 | Lair:4   | Noticed a death yak
 14469 | Lair:4   | Noticed a death yak
 14487 | Lair:4   | Killed a death yak
 14495 | Lair:4   | Killed a death yak
 14496 | Lair:4   | Reached skill level 10 in Fighting
 14500 | Lair:4   | Killed a death yak
 14558 | Lair:4   | Noticed a seven-headed hydra
 14571 | Lair:4   | Killed a seven-headed hydra
 14669 | Lair:4   | Reached skill level 10 in Invocations
 14708 | Lair:4   | Found a hole to the Spider Nest.
 14712 | Lair:4   | Noticed a catoblepas
 14737 | Lair:4   | Killed a catoblepas
 14833 | Lair:4   | Noticed a death yak
 14857 | Lair:4   | Killed a death yak
 14857 | Lair:4   | Reached **** piety under Cheibriados
 14858 | Lair:4   | Gained mutation: You have claws for hands. [demonic
                  | ancestry]
 14858 | Lair:4   | Reached XP level 13. HP: 84/104 MP: 20/20
 15011 | Lair:4   | Found a staircase to the Shoals.
 15132 | Lair:4   | Reached skill level 11 in Unarmed Combat
 15590 | Lair:5   | Found a staircase to the Slime Pits.
 15591 | Lair:5   | Found a viscous altar of Jiyva.
 15641 | Lair:5   | Noticed Josephine
 15648 | Lair:5   | Reached ***** piety under Cheibriados
 15659 | Lair:5   | Killed Josephine
 16047 | Lair:5   | Reached skill level 12 in Unarmed Combat
 16578 | Lair:6   | Entered Level 6 of the Lair of Beasts
 16719 | Lair:6   | Reached skill level 5 in Dodging
 16811 | Lair:6   | Gained mutation: A demonic guardian rushes to your aid.
                  | [demonic ancestry]
 16811 | Lair:6   | Reached XP level 14. HP: 103/116 MP: 22/22
 16921 | Lair:6   | Reached skill level 13 in Unarmed Combat
 17012 | Lair:6   | Found an iron altar of Okawaru.
 17280 | Lair:6   | Reached ****** piety under Cheibriados
 17622 | Lair:6   | Found the ring of the Mage {Wiz Archmagi}
 17907 | Lair:3   | Gained mutation: You have an absolutely massive brain. (Int
                  | +6, Wiz) [demonic ancestry]
 17907 | Lair:3   | Reached XP level 15. HP: 122/122 MP: 23/23
 18085 | Lair:3   | Found an iron altar of Okawaru.
 18479 | D:10     | Entered Level 10 of the Dungeon
 18661 | D:10     | Learned a level 5 spell: Manifold Assault
 18688 | D:10     | Noticed Erolcha
 18695 | D:10     | Killed Erolcha
 18721 | D:10     | Found a burning altar of Makhleb.
 18722 | D:10     | Found a blossoming altar of Fedhas.
 18722 | D:10     | Found a hide-covered altar of Uskayaw.
 18722 | D:10     | Found a radiant altar of Vehumet.
 18871 | D:10     | Found a staircase to the Orcish Mines.
 19487 | D:11     | Found Manisem's Magic Scroll Shop.
 19501 | D:11     | Bought a scroll of enchant armour for 112 gold pieces
 19574 | D:11     | Reached skill level 14 in Unarmed Combat
 19575 | D:11     | Found a gate leading to a gauntlet.
 19583 | Gauntlet | Entered a Gauntlet
 19583 | Gauntlet | Found a transporter.
 19583 | Gauntlet | Found a transporter.
 19599 | Gauntlet | Found a transporter.
 19604 | Gauntlet | Found a runed translucent door.
 19609 | Gauntlet | Found a transporter.
 19612 | Gauntlet | Found a transporter.
 19612 | Gauntlet | Found a transporter.
 19614 | Gauntlet | Found a transporter.
 19614 | Gauntlet | Found a transporter.
 19619 | Gauntlet | Found a runed translucent door.
 19624 | Gauntlet | Found a runed translucent door.
 19626 | Gauntlet | Found a transporter.
 19642 | Gauntlet | Found a transporter.
 19652 | Gauntlet | Found a transporter.
 19666 | Gauntlet | Found a transporter.
 19686 | Gauntlet | Found a transporter.
 19698 | Gauntlet | Found a transporter.
 19732 | Gauntlet | Paralysed by a floating eye for 4 turns
 19739 | Gauntlet | Identified the +9 plate armour "Pizus" {Will+}
 19855 | Gauntlet | Identified the +2 pair of boots of Gaerips {rElec Will+
                  | rCorr Dex-3}
 19893 | Gauntlet | Identified the +3 ring mail "Xousm" {Rampage rN+ Str-4}
 19908 | Gauntlet | Identified the +2 robe of Kaneth {Fly rCorr Str+6}
 20218 | D:11     | Noticed Grum
 20235 | D:11     | Killed Grum
 20654 | D:12     | Reached skill level 1 in Throwing
 20821 | D:12     | Found Muocsiso's Book Emporium.
 21530 | D:13     | Gained mutation: You punish those that try to bend your
                  | will. (Will+) [demonic ancestry]
 21530 | D:13     | Reached XP level 16. HP: 112/129 MP: 24/24
 21797 | D:13     | Found Haytsisi's Assorted Antiques.
 22209 | D:13     | Found a gate to the Vaults.
 22472 | D:14     | Noticed Nessos
 22478 | D:14     | Killed Nessos
 22725 | D:14     | Found Zugoid's Jewellery Shop.
 23258 | D:15     | Entered Level 15 of the Dungeon
 23361 | D:15     | Found a snail-covered altar of Cheibriados.
 23376 | D:15     | Reached skill level 15 in Unarmed Combat
 23386 | D:15     | Reached skill level 5 in Throwing
 23652 | D:15     | Found a staircase to the Depths.
 24193 | D:15     | Reached skill level 10 in Translocations
 24450 | Orc:1    | Entered Level 1 of the Orcish Mines
 24589 | Orc:2    | Entered Level 2 of the Orcish Mines
 24731 | Orc:2    | Found Oriram's Distillery.
 24731 | Orc:2    | Found Hohozoer's Book Shoppe.
 24951 | Orc:2    | Found Eseemeef's Book Shoppe.
 24951 | Orc:2    | Found Erriro's Armour Boutique.
 25079 | Orc:2    | Noticed Urug
 25084 | Orc:2    | Killed Urug
 25139 | Orc:2    | Found a staircase to the Elven Halls.
 25709 | Elf:1    | Entered Level 1 of the Elven Halls
 25716 | Elf:1    | Gained mutation: You are resistant to unholy torment.
                  | [demonic ancestry]
 25716 | Elf:1    | Reached XP level 17. HP: 123/135 MP: 19/25
 25873 | Elf:1    | Reached skill level 16 in Unarmed Combat
 26267 | Elf:1    | Noticed a Hell Sentinel
 26393 | Elf:1    | Paralysed by an air elemental for 1 turns
 26516 | Elf:1    | Killed from afar by a deep elf knight

Illustrated notes

Levels and vault maps discovered:
D:1:      saegor_arrival_simple_d, layout_loops_ring, serial_shops,
          nicolae_shop_stone, ebering_ecumenical_altar_petrified,
          minmay_tree_intersection
D:2:      layout_basic, serial_shops, nicolae_shop_hallway_plus, uniq_robin
D:3:      cheibrodos_thug_alley, layout_rooms, nicolae_qazlal_style_of_elements,
          trog_butcher_becter
D:4:      layout_loops_corners, grunt_ministairs_13
D:5:      layout_rooms, lemuel_crystal_altar, portal_sewer_entry_f, uniq_sigmund
D:6:      layout_loops_cross, minmay_temple_entry_antechambers
D:7:      layout_loops_ring, uniq_harold, uniq_prince_ribbit1
D:8:      layout_loops_ring, erik_lair_island, uniq_psyche
D:9:      layout_roguey
D:10:     layout_roguey, grunt_temple_overflow_open,
          kennysheep_orc_monster_closet_entryway, uniq_erolcha
D:11:     layout_loops_ring, gauntlet_entry_generic,
          portal_ice_cave_demonic_guard, nicolae_stop_n_shop_1, uniq_grum
D:12:     layout_long_grid, serial_shops, shop_fountains
D:13:     layout_loops_cross, grunt_vaults_entry_fortified, serial_shops,
          kennysheep_mini
D:14:     layout_irregular_city, hangedman_decor_clover_reticule,
          minmay_shop_enchanted_jewellery, corexii_checkpoint_a, uniq_nessos
D:15:     hangedman_depths_entry_civil_slaughter, layout_stronghold,
          old_standard_altar
Temple:   regret_index_temple_generic_petals
Lair:1:   layout_cave_pods, special_room [special_room_bee], uniq_gastronok
Lair:2:   layout_regular_city, fungi_pond_lemuel
Lair:3:   layout_hall_layers, basic_altar, uniq_rupert, uniq_nergalle
Lair:4:   layout_loops_ring, minmay_shoals_entry_lonely_mermaid,
          nicolae_spider_entry_non_spiders
Lair:5:   layout_hall_layers, slime_altar_1, chequers_serial_rivers_micro_c,
          nicolae_lair_lakeside_cave, uniq_josephine
Lair:6:   grunt_lair_end_beastmaster, layout_gridlike, basic_altar,
          infiniplex_staircase_pool_2
Orc:1:    nicolae_orc_accident_2, layout_caves
Orc:2:    st_orc_ogre_mass, layout_caves, nicolae_orc_flooded_monolith,
          uniq_urug
Elf:1:    layout_geoelf_diagonals, serial_glass, glass_columns_b,
          glass_columns_a, glass_columns_b, glass_columns_b,
          hangedman_elf_disciples, grunt_megastairs_4

Skill      XL: |  1  2  3  4  5  6  7  8  9 10 11 12 13 14 15 16 17 |
---------------+----------------------------------------------------+-----
Long Blades    | 2 |  2.1
Dodging        | 2 3 4 5 7 8 |  8.5
Short Blades   | 1 2 3 5 6 7 |  7.5
Stealth        | 1 2 3 5 6 |  6.0
Evocations     | 1 2 3 |  3.0
Translocations | 3 4 6 7 8 10 11 | 11.0
Unarmed Combat | 3 5 7 9 10 12 13 14 15 16 | 16.2
Fighting       | 3 6 8 10 12 | 12.6
Invocations    | 6 10 11 | 11.8
Transmutations | 8 |  8.0
Throwing       | 2 7 9 |  9.0
Armour         | |  0.8
Spellcasting   | |  2.0

Action                   |  1- 3 |  4- 6 |  7- 9 | 10-12 | 13-15 | 16-18 || total
-------------------------+-------+-------+-------+-------+-------+-------++-------
Melee: Falchion          |    33 |       |     1 |       |       |       ||    34
       Short sword       |    92 |   186 |   376 |    16 |    27 |       ||   697
       Unarmed           |       |       |   125 |   842 |   798 |   505 ||  2270
       Punch             |       |       |     8 |    67 |   105 |    62 ||   242
Throw: Boomerang         |       |       |    29 |    59 |    93 |    43 ||   224
       Dart              |       |       |     4 |       |       |       ||     4
 Cast: Blink             |       |     2 |    15 |    21 |    28 |    14 ||    80
       Manifold Assault  |       |       |       |       |    10 |    15 ||    25
Invok: Slouch            |       |       |       |       |     2 |    16 ||    18
       Temporal Distorti |       |       |       |       |       |     1 ||     1
Evoke: Wand              |       |       |     1 |    14 |    10 |    20 ||    45
  Use: Scroll            |       |     9 |     4 |    14 |     5 |     3 ||    35
       Potion            |       |       |     3 |     9 |     1 |     3 ||    16
 Stab: Sleeping          |     1 |     4 |     6 |     6 |    10 |     8 ||    35
       Distracted        |       |       |     4 |     6 |     6 |     2 ||    18
       Invisible         |       |       |       |     5 |       |       ||     5
       Paralysed         |       |       |       |       |       |     4 ||     4
Armor: Leather armour    |    16 |       |       |       |       |       ||    16
       Animal skin       |     7 |    64 |    84 |       |       |       ||   155
       Steam dragon scal |       |       |    37 |       |       |       ||    37
       Troll leather arm |       |       |       |   275 |   320 |   134 ||   729
       Skin              |       |       |       |    15 |       |       ||    15
Dodge: Dodged            |    69 |   122 |   275 |   526 |   667 |   318 ||  1977
Block: Other             |       |       |    26 |   124 |   132 |    50 ||   332

Table legend: (Time is in decaauts)
 A = Elapsed time spent in this place.
 B = Non-inter-level travel time spent in this place.
 C = Inter-level travel time spent in this place.
 D = Time resting spent in this place.
 E = Time spent auto-exploring this place.
 F = Levels seen in this place.
 G = Mean time per level.
                   A        B        C        D        E       F      G
               +--------+--------+--------+--------+--------+-----+--------+
         Total |  34348 |  31809 |   2539 |    285 |  24283 |  27 | 1272.1 |
       Dungeon |  20491 |  18790 |   1701 |    181 |  14747 |  15 | 1366.1 |
        Temple |    235 |    196 |     39 |      0 |    193 |   1 |  235.0 |
          Lair |   9309 |   8763 |    546 |     80 |   6430 |   6 | 1551.5 |
  Orcish Mines |   2069 |   1819 |    250 |      0 |   1444 |   2 | 1034.5 |
   Elven Halls |   1024 |   1024 |      0 |      0 |    667 |   1 | 1024.0 |
         Sewer |    623 |    623 |      0 |      0 |    481 |   1 |  623.0 |
      Gauntlet |    595 |    595 |      0 |     24 |    320 |   1 |  595.0 |
               +--------+--------+--------+--------+--------+-----+--------+

Top non-repeatable levels by time:
     D:4: 1839 daAuts
  Lair:6: 1780 daAuts
  Lair:3: 1671 daAuts
    D:15: 1643 daAuts
    D:10: 1634 daAuts
  Lair:4: 1629 daAuts
    D:13: 1611 daAuts
     D:1: 1607 daAuts
     D:3: 1602 daAuts
  Lair:5: 1566 daAuts
    D:14: 1530 daAuts
  Lair:1: 1514 daAuts
    D:12: 1481 daAuts
   Orc:2: 1379 daAuts
    D:11: 1315 daAuts
